 Dungeon Crawl Stone Soup version 0.21-a0-476-gd103f4b (webtiles) character file.

36 tof the Skirmisher (level 3, 0/29 HPs)
             Began as a Demonspawn Berserker on Nov 22, 2017.
             Was a Believer of Trog.
             Slain by a sky beast (4 damage)
             ... on level 2 of the Dungeon.
             The game lasted 00:00:53 (1213 turns).

tof the Skirmisher (Demonspawn Berserker)           Turns: 1213, Time: 00:00:54

Health: 0/29       AC:  1    Str: 17    XL:     3   Next: 19%
Magic:  3/3        EV: 12    Int:  8    God:    Trog [**....]
Gold:   109        SH:  0    Dex: 13    Spells: 2/2 levels left

rFire    . . .     SeeInvis .   a - +0 falchion
rCold    . . .     Gourm    .   (no shield)
rNeg     . . .     Faith    .   n - -2 leather armour (curse)
rPois    .         Spirit   .   (helmet restricted)
rElec    .         Reflect  .   (no cloak)
rCorr    .         Harm     .   (no gloves)
MR       .....                  (no boots)
Stlth    ..........             (no amulet)
HPRegen  0.09/turn              f - ring of loudness (curse)
MPRegen  0.08/turn              (no ring)

@: no status effects
A: antennae 1, powered by pain 1
a: Berserk, Trog's Hand, Burn Spellbooks, Renounce Religion


You were on level 2 of the Dungeon.
You worshipped Trog.
Trog was pleased with you.
You were not hungry.

You visited 1 branch of the dungeon, and saw 2 of its levels.

You collected 109 gold pieces.

Inventory:

Hand Weapons
 a - a +0 falchion (weapon)
Armour
 b - a +0 animal skin
 n - a cursed -2 leather armour (worn)
Jewellery
 f - a cursed ring of loudness (left hand)
 o - an uncursed ring of protection from fire {unknown}
Scrolls
 e - a scroll of random uselessness {unknown}
 g - a scroll of immolation {unknown}
 h - a scroll of identify {unknown}
 q - a scroll of teleportation {unknown}
Potions
 d - 3 potions of mutation {unknown}
 k - a potion of brilliance {unknown}
 l - a potion of degeneration {unknown}
 m - 2 potions of heal wounds {unknown}
 p - 2 potions of cancellation {unknown}
 r - a potion of curing {unknown}
Comestibles
 c - a bread ration
 i - 2 meat rations
 j - a royal jelly


   Skills:
 + Level 3.3 Fighting
 * Level 3.2 Long Blades
 + Level 2.1 Armour
 + Level 2.1 Dodging


You had 2 spell levels left.
You didn't know any spells.

Dungeon Overview and Level Annotations

Branches:
Dungeon (2/15)

Altars:


Innate Abilities, Weirdness & Mutations

You have a pair of small antennae on your head.
You sometimes gain a little power by taking damage.


Message History

The giant cockroach closely misses you.
You hit the giant cockroach.
You kill the giant cockroach!
Trog accepts your kill.
m - 2 fizzy yellow potions (gained 1)
You see here a giant cockroach corpse.
You sense a monster nearby.
A sky beast comes into view.
You hit the sky beast.
The sky beast is lightly wounded.
The sky beast flickers out of sight!
Deactivating autopickup; reactivate with Ctrl-A.
Something hits you. Something shocks you.
You miss something. Something hits you. Something shocks you.
Your leather armour prevents you from hitting something.
Something barely misses you.
You hit something. Something hits you. Something shocks you.
* * * LOW HITPOINT WARNING * * *
Something hits you.
You die...

#.##. .# #.##. #.#
#.##. #.# #.##. #.#
#.... #.# #.... #.#
#.##. ########.#
#.... #.@......#
#.... #{######†#
#...# #. #....#
#.#.# #.###.##.#
#...#
#.......)######....
+..................
####...##########..
##.# #.# #. #.#


There were no monsters in sight!

Vanquished Creatures
  2 oozes (D:1)
  A dart slug (D:2)
  A leopard gecko (D:1)
  4 giant cockroaches
  A goblin (D:1)
  4 hobgoblins
  3 jackals (D:1)
  2 kobolds
  2 bats
  2 rats
22 creatures vanquished.

Notes
Turn   | Place    | Note
-------+----------+-------------------------------------------
     0 | D:1      | tof the Demonspawn Berserker began the quest for the Orb.
     0 | D:1      | Reached XP level 1. HP: 18/18 MP: 1/1
    93 | D:1      | Gained mutation: You have a pair of small antennae on your head. [demonic ancestry]
    93 | D:1      | Reached XP level 2. HP: 22/24 MP: 2/2
   862 | D:2      | Gained mutation: You sometimes gain a little power by taking damage. [demonic ancestry]
   862 | D:2      | Reached XP level 3. HP: 25/29 MP: 3/3
  1028 | D:2      | Reached ** piety under Trog
  1209 | D:2      | Noticed a sky beast
  1213 | D:2      | Slain by a sky beast

Vault maps used:
D:1:      saegor_arrival_simple_a, minivault_5
D:2:      serial_forest, infiniplex_forest_lined_2,
          infiniplex_forest_lined_room_2, infiniplex_forest_straight_4,
          infiniplex_forest_clump_medium

Skill      XL: |  1  2 |
---------------+-------+-----
Long Blades    | 3 |  3.2
Armour         | 2 |  2.1
Dodging        | 2 |  2.1
Fighting       | |  3.3

Action                   || total
-------------------------++-------
Melee: Falchion          ||    69
  Eat: Chunk             ||     1
Armor: Animal skin       ||    14
       Leather armour    ||     1
Dodge: Dodged            ||    49
       Rpst.: Falchion   ||    11

Table legend:
 A = Spawn XP
 B = Non-spawn XP
 C = Spawn XP percentage of total XP
 D = Spawn monster count
 E = Non-spawn monster count
 F = Spawn count percentage of total count
 G = Total turns spent on level
                    A         B        C        D         E        F      G
               +---------+---------+-------+---------+---------+-------+---------
         Total |       0 |      52 |   0.0 |       0 |      22 |   0.0 |  1213
               +---------+---------+-------+---------+---------+-------+---------
           D:1 |       0 |      37 |   0.0 |       0 |      14 |   0.0 |   856
           D:2 |       0 |      15 |   0.0 |       0 |       8 |   0.0 |   357
               +---------+---------+-------+---------+---------+-------+---------
